[Event "Stadtmeisterschaft Ulm/Neu-Ulm 2006"]
[Site "Ulm"]
[Date "2006.09.22"]
[Round "1"]
[White "Anistratov, Dimitrij"]
[Black "Braun, Stefan"]
[Result "1-0"]
[ECO "C44"]
[WhiteElo "2325"]
[BlackElo "1745"]
[Annotator "Goda,Frederic"]
[PlyCount "73"]
[EventDate "2006.09.22"]
[TimeControl "30/5400:0/0:0/0"]

{144MB, Fritz8.ctg, FTRG-VKDLHXLWF8} 1. e4 e5 2. Nf3 Nc6 3. d4 exd4 4. Bc4 
Bc5
5. c3 d3 6. b4 Bb6 7. Qb3 Qe7 8. O-O Nf6 9. a4 a6 10. a5 Ba7 11. Bg5 d6 12.
Nbd2 h6 13. Bh4 g5 14. Bg3 O-O 15. Bxd3 Be6 16. Qc2 Nh5 17. Nb3 Nxg3 18. 
hxg3
Qf6 19. Nbd2 h5 20. Nc4 h4 21. gxh4 g4 22. Ng5 g3 23. Qd2 Bxc4 24. Bxc4 Ne5 
25.
Be2 Kg7 26. h5 Rg8 27. Nh3 gxf2+ 28. Kh1 Ng6 29. hxg6 Rh8 30. c4 Rxh3+ 31. 
gxh3
Rh8 32. Ra3 Qxg6 33. c5 Qxe4+ 34. Kh2 d5 35. Rg3+ Kf8 36. Bd3 Qe6 37. Qg5 
1-0

[Event "Ulm 2006"]
[Site "Ulm"]
[Date "2006.09.22"]
[Round "1"]
[White "Krauß, Rainer"]
[Black "Oberst, Thomas"]
[Result "0-1"]
[ECO "B33"]
[WhiteElo "1700"]
[BlackElo "2293"]
[Annotator "Goda,Frederic"]
[PlyCount "68"]
[TimeControl "30/5400:0/0:0/0"]

{144MB, Fritz8.ctg, FTRG-VKDLHXLWF8} 1. e4 c5 2. Nf3 Nc6 3. d4 cxd4 4. Nxd4 
Nf6
5. Nxc6 bxc6 6. Bd3 e5 7. O-O h6 8. Nc3 Bb4 9. Bd2 O-O 10. a3 Bc5 11. b4 Bd4
12. Rb1 d5 13. Qe1 a6 14. Kh1 Be6 15. f3 Nh5 16. Ne2 Bb6 17. Ng3 Nf4 18. Ne2
Nxd3 19. cxd3 f5 20. Nc3 dxe4 21. dxe4 Bc4 22. Rd1 Bxf1 23. Qxf1 Qd4 24. 
exf5
Rxf5 25. Qe1 Qc4 26. Ne4 Rd8 27. Bc3 Rxd1 28. Qxd1 Qd5 29. Qe1 Rf8 30. h3 
Bd4
31. Bd2 Qb3 32. Qf1 Kh7 33. Qxa6 Qb1+ 34. Kh2 Rxf3 0-1

[Event "Ulm 2006"]
[Site "Ulm"]
[Date "2006.09.22"]
[Round "1"]
[White "Bachus, Josef"]
[Black "Smolny, Frieder"]
[Result "1-0"]
[ECO "B44"]
[WhiteElo "2171"]
[BlackElo "1700"]
[Annotator "Goda,Frederic"]
[PlyCount "63"]
[TimeControl "30/5400:0/0:0/0"]

{144MB, Fritz8.ctg, FTRG-VKDLHXLWF8} 1. e4 c5 2. Nf3 e6 3. d4 cxd4 4. Nxd4 
Nc6
5. Be3 Qc7 6. a3 a6 7. Be2 Nf6 8. Nc3 d6 9. O-O Be7 10. f4 Bd7 11. Qe1 O-O 
12.
Qg3 Rfd8 13. f5 Nxd4 14. Bxd4 e5 15. Be3 Bc6 16. Bf3 Kh8 17. Qf2 Rg8 18. 
Rad1
g6 19. fxg6 Rxg6 20. h3 Rag8 21. Kh2 d5 22. Bb6 Qb8 23. Ba7 Qd6 24. Rfe1 Bd8
25. Bc5 Qc7 26. exd5 e4+ 27. d6 exf3 28. dxc7 Bxc7+ 29. Kh1 Rxg2 30. Bd4 
Rh2+
31. Qxh2 f2+ 32. Re4 1-0

[Event "Ulm 2006"]
[Site "Ulm"]
[Date "2006.09.22"]
[Round "1"]
[White "Neef, Wilfried"]
[Black "Schulze, Andreas"]
[Result "0-1"]
[ECO "D02"]
[WhiteElo "1696"]
[BlackElo "2135"]
[Annotator "Goda,Frederic"]
[PlyCount "62"]
[TimeControl "30/5400:0/0:0/0"]

{144MB, Fritz8.ctg, FTRG-VKDLHXLWF8} 1. d4 Nf6 2. Nf3 g6 3. g3 Bg7 4. Bg2 
O-O
5. O-O d5 6. b3 Nbd7 7. Bb2 a5 8. a4 Ne4 9. Nbd2 Nd6 10. Re1 Nf6 11. Ne5 c6 
12.
Rc1 Bf5 13. c4 Bh6 14. e3 Nde4 15. Nf1 Nd7 16. f3 Nef6 17. cxd5 cxd5 18. g4 
Be6
19. Qd3 Ne8 20. Ng3 Nd6 21. h3 f6 22. Nxd7 Qxd7 23. f4 f5 24. g5 Bg7 25. Nf1
Rfc8 26. Nd2 Ne4 27. Nf3 Qd6 28. Bf1 Bd7 29. Ne5 Be8 30. h4 Qb4 31. Rxc8 
Qxe1
0-1

[Event "Ulm 2006"]
[Site "Ulm"]
[Date "2006.09.22"]
[Round "1"]
[White "Sanna, Guiseppe"]
[Black "Rissmann, Ulrich"]
[Result "0-1"]
[ECO "C42"]
[WhiteElo "1696"]
[BlackElo "2097"]
[Annotator "Goda,Frederic"]
[PlyCount "126"]
[TimeControl "30/5400:0/0:0/0"]

{144MB, Fritz8.ctg, FTRG-VKDLHXLWF8} 1. e4 e5 2. Nf3 Nf6 3. Bc4 Nxe4 4. O-O 
d5
5. Re1 Nc6 6. d3 Nf6 7. Nxe5 Nxe5 8. Rxe5+ Be6 9. Bb3 Bd6 10. Re1 c6 11. Bg5 
h6
12. Be3 Qc7 13. h3 O-O-O 14. Nc3 d4 15. Bxd4 Bh2+ 16. Kh1 Rxd4 17. Bxe6+ 
fxe6
18. Rxe6 Qd7 19. Qe2 Bd6 20. Re1 Rh4 21. Kg1 Rd8 22. a3 Rd4 23. Qe3 Bf4 24. 
Qe2
Ng8 25. b4 Bc7 26. Na4 Rd6 27. Nc5 Rxe6 28. Qxe6 Qxe6 29. Rxe6 Bd6 30. Ne4 
Be7
31. Ng3 Bf6 32. Ne4 Kc7 33. Kf1 b6 34. Ke2 Be7 35. Rg6 Bf8 36. Re6 Ne7 37. 
g4
Nd5 38. Re5 Bd6 39. Rf5 Rd7 40. h4 Re7 41. g5 g6 42. Rf3 hxg5 43. hxg5 Nc3+ 
44.
Ke3 c5 45. Rh3 cxb4 46. axb4 Bxb4 47. Rh6 Bc5+ 48. Kd2 Nxe4+ 49. dxe4 Rxe4 
50.
Rxg6 Bxf2 51. Rf6 Be3+ 52. Kd3 Bxg5 53. Rf7+ Re7 54. Rf5 Be3 55. Rd5 Rd7 56.
Rxd7+ Kxd7 57. Kxe3 Kc6 58. Kd3 Kc5 59. Kc3 b5 60. Kb3 a5 61. Kc3 b4+ 62. 
Kb3
Kb5 63. c3 a4+ 0-1

[Event "Ulm 2006"]
[Site "Ulm"]
[Date "2006.09.22"]
[Round "1"]
[White "Kramer, Christian"]
[Black "Jahn, Manfred"]
[Result "1-0"]
[ECO "D13"]
[WhiteElo "2096"]
[BlackElo "1693"]
[Annotator "Goda,Frederic"]
[PlyCount "67"]
[TimeControl "30/5400:0/0:0/0"]

{144MB, Fritz8.ctg, FTRG-VKDLHXLWF8} 1. d4 d5 2. Nf3 Nf6 3. c4 c6 4. cxd5 
cxd5
5. Nc3 e6 6. Bf4 Bd6 7. Bg3 Bxg3 8. hxg3 Qa5 9. e3 Ne4 10. Rc1 Bd7 11. a3 
Nc6
12. Bd3 h6 13. Bxe4 dxe4 14. Nd2 Ne7 15. Ncxe4 Bc6 16. Nd6+ Kf8 17. N6c4 Qg5
18. Ne5 g6 19. Rc5 f5 20. O-O h5 21. Qb3 Bd5 22. Rxd5 exd5 23. Ndf3 Qh6 24.
Qxb7 Re8 25. Rc1 h4 26. gxh4 g5 27. Nxg5 Qxh4 28. Ng6+ Kg7 29. Nxh4 Rxh4 30.
Rc7 Rhh8 31. Rxe7+ Kf6 32. Qc6+ Kxe7 33. Qe6+ Kd8 34. Nf7+ 1-0

[Event "Ulm 2006"]
[Site "Ulm"]
[Date "2006.09.22"]
[Round "1"]
[White "Späht, Daniel"]
[Black "Neidlinger, Markus"]
[Result "0-1"]
[ECO "B24"]
[WhiteElo "1686"]
[BlackElo "2084"]
[Annotator "Goda,Frederic"]
[PlyCount "43"]
[TimeControl "30/5400:0/0:0/0"]

{144MB, Fritz8.ctg, FTRG-VKDLHXLWF8} 1. e4 c5 2. Nc3 g6 3. g3 Bg7 4. Bg2 Nc6 
5.
d3 Nf6 6. f4 O-O 7. e5 Ne8 8. Nf3 d6 9. d4 Bf5 10. O-O cxd4 11. Nxd4 Nxd4 
12.
Qxd4 dxe5 13. Qxd8 Rxd8 14. fxe5 Bxe5 15. Bxb7 Bxc2 16. Bh6 Ng7 17. Bg5 f6 
18.
Be3 Rb8 19. Bg2 Rxb2 20. Nd5 Bd3 21. Rfe1 Rxg2+ 22. Kxg2 0-1

[Event "Ulm 2006"]
[Site "Ulm"]
[Date "2006.09.22"]
[Round "1"]
[White "Heinrich, Alexander"]
[Black "Rix, Michael"]
[Result "1-0"]
[ECO "A00"]
[WhiteElo "2067"]
[BlackElo "1607"]
[Annotator "Goda,Frederic"]
[PlyCount "63"]
[TimeControl "30/5400:0/0:0/0"]

{144MB, Fritz8.ctg, FTRG-VKDLHXLWF8} 1. e3 d5 2. f4 Bf5 3. b3 Nf6 4. Bb2 e6 
5.
Nf3 Nbd7 6. Be2 h6 7. O-O Be7 8. c4 c6 9. Nc3 O-O 10. h3 Rc8 11. g4 Be4 12. 
d3
Bh7 13. g5 hxg5 14. Nxg5 Bf5 15. Qd2 Nh7 16. Nxh7 Kxh7 17. Bg4 g6 18. e4 
dxe4
19. dxe4 Qb6+ 20. Kh1 Bxg4 21. hxg4 Nf6 22. Na4 Qd8 23. Qh2+ Kg7 24. Rad1 
Qe8
25. Rd3 Rh8 26. Rh3 Rxh3 27. Qxh3 Qd7 28. g5 Rh8 29. gxf6+ Kg8 30. Qxh8+ 
Kxh8
31. fxe7+ Kg8 32. Bf6 1-0

[Event "Ulm 2006"]
[Site "Ulm"]
[Date "2006.09.22"]
[Round "1"]
[White "Topalovic, Ljubisav"]
[Black "Linder, Peter"]
[Result "0-1"]
[ECO "B23"]
[WhiteElo "1583"]
[BlackElo "2042"]
[Annotator "Goda,Frederic"]
[PlyCount "102"]
[TimeControl "30/5400:0/0:0/0"]

{144MB, Fritz8.ctg, FTRG-VKDLHXLWF8} 1. e4 c5 2. Nc3 Nc6 3. f4 e6 4. Nf3 d5 
5.
exd5 exd5 6. d4 Nf6 7. Bb5 a6 8. Be2 Bd6 9. O-O cxd4 10. Nxd4 Qb6 11. Be3 
Qxb2
12. Na4 Qa3 13. c3 Be7 14. Bc1 Qd6 15. Nb6 Rb8 16. a4 Qc5 17. Nxc8 Rxc8 18. 
Bb2
O-O 19. Kh1 Nxd4 20. Ba3 Qc7 21. Bxe7 Qxe7 22. cxd4 Rfe8 23. Bf3 Ne4 24. Rc1
Qa3 25. Bxe4 dxe4 26. Rxc8 Rxc8 27. d5 Qd3 28. d6 Rd8 29. Re1 Qxd6 30. Qxd6
Rxd6 31. g3 f5 32. Kg1 Kf7 33. Rc1 Ke6 34. Rc7 Rd7 35. Rc5 g6 36. Re5+ Kd6 
37.
a5 Re7 38. Rxe7 Kxe7 39. Kf2 Kd6 40. Ke3 Kc5 41. g4 Kb5 42. Kd4 Kxa5 43. Kc3 
b5
44. gxf5 gxf5 45. h4 b4+ 46. Kc2 e3 47. Kd3 b3 48. Kc3 e2 49. Kb2 Kb4 50. h5
e1=Q 51. h6 Qd2+ 0-1

[Event "Ulm 2006"]
[Site "Ulm"]
[Date "2006.09.22"]
[Round "1"]
[White "Wolf, Rainer"]
[Black "Kelemen, Norbert"]
[Result "1-0"]
[ECO "A04"]
[WhiteElo "2015"]
[BlackElo "1582"]
[Annotator "Goda,Frederic"]
[PlyCount "91"]
[TimeControl "30/5400:0/0:0/0"]

{144MB, Fritz8.ctg, FTRG-VKDLHXLWF8} 1. Nf3 c5 2. e3 Nf6 3. Be2 Nc6 4. d4 
cxd4
5. exd4 d5 6. O-O e6 7. b3 Be7 8. c4 O-O 9. Nc3 b6 10. Bb2 Bb7 11. Rc1 Rc8 
12.
Bd3 a6 13. Re1 dxc4 14. bxc4 Nb4 15. Bb1 Rxc4 16. a3 Nbd5 17. Ne5 Nf4 18. 
Nxc4
Nxg2 19. Ne4 Nxe1 20. Qxe1 b5 21. Ncd2 Qd5 22. f3 Nxe4 23. Bxe4 Qg5+ 24. Kf1
Bxe4 25. Nxe4 Qf4 26. Qg3 Qe3 27. d5 Qd3+ 28. Kg1 Qe3+ 29. Kh1 f6 30. Rg1 g6
31. d6 Bd8 32. Rf1 e5 33. Qe1 Qf4 34. Qd1 f5 35. Qd5+ Rf7 36. Bxe5 Qe3 37. 
Nc5
Bb6 38. d7 Qe2 39. d8=Q+ Bxd8 40. Qxd8+ Rf8 41. Qd5+ Rf7 42. Rd1 h5 43. Nd7 
g5
44. Qa8+ Kh7 45. Qh8+ Kg6 46. Nf8+ 1-0

[Event "Ulm 2006"]
[Site "Ulm"]
[Date "2006.09.22"]
[Round "1"]
[White "Goda, Frederic"]
[Black "Over, Klaus"]
[Result "0-1"]
[ECO "B18"]
[WhiteElo "1560"]
[BlackElo "1990"]
[Annotator "Goda,Frederic"]
[PlyCount "47"]
[TimeControl "30/5400:0/0:0/0"]

{144MB, Fritz8.ctg, FTRG-VKDLHXLWF8} 1. e4 c6 2. d4 d5 3. Nc3 dxe4 4. Nxe4 
Bf5
5. Ng3 Bg6 6. Nf3 Nd7 7. Bc4 Ngf6 8. O-O e6 9. Re1 Qc7 10. c3 Bd6 11. Qe2 h6
12. Ne5 Bxe5 13. dxe5 Nd5 14. Bd2 O-O 15. f4 N5b6 16. Bb3 Nc5 17. Qg4 Nd3 
18.
Re3 Rad8 19. Rd1 Nxb2 20. Bc1 Nxd1 21. Bxd1 Nd5 22. Rf3 Qb6+ 23. Kh1 Qb1 24.
Ne2 0-1

[Event "Ulm 2006"]
[Site "Ulm"]
[Date "2006.09.22"]
[Round "1"]
[White "Mayer, Arnd"]
[Black "Zahn, Achim"]
[Result "1-0"]
[ECO "D02"]
[WhiteElo "1986"]
[BlackElo "1538"]
[Annotator "Goda,Frederic"]
[PlyCount "91"]
[TimeControl "30/5400:0/0:0/0"]

{144MB, Fritz8.ctg, FTRG-VKDLHXLWF8} 1. d4 d5 2. Nf3 e6 3. Bf4 Nf6 4. e3 Bd6 
5.
Ne5 Bxe5 6. Bxe5 Nbd7 7. Bg3 c5 8. Nc3 cxd4 9. exd4 a6 10. Be2 O-O 11. O-O 
b5
12. Bd6 Re8 13. a4 Nb6 14. Bc5 Nxa4 15. Nxa4 bxa4 16. Rxa4 Ne4 17. Qa1 Qc7 
18.
b4 Qc6 19. b5 Qc7 20. Qa3 Rb8 21. b6 Rxb6 22. Bxb6 Qxb6 23. c3 Qc6 24. Rc1 
Bb7
25. Bxa6 Rc8 26. c4 Bxa6 27. Rxa6 Qb7 28. c5 g6 29. f3 Nf6 30. c6 Qc7 31. g3
Ne8 32. Rb1 Qd8 33. Rb7 Qf6 34. Qe3 Nd6 35. Rba7 Qd8 36. Qf4 Nf5 37. c7 Qd7 
38.
Ra8 Kg7 39. Rxc8 Qxc8 40. Rb6 Ne7 41. Qd6 Qa8 42. Qxe7 Qa1+ 43. Kg2 Qe1 44.
Rxe6 Qd2+ 45. Re2 Qxd4 46. Qe5+ 1-0

[Event "Ulm 2006"]
[Site "Ulm"]
[Date "2006.09.22"]
[Round "1"]
[White "Radovic, Miodrag"]
[Black "Gebhardt, Uwe"]
[Result "0-1"]
[ECO "B06"]
[WhiteElo "1515"]
[BlackElo "1941"]
[Annotator "Goda,Frederic"]
[PlyCount "32"]
[TimeControl "30/5400:0/0:0/0"]

{144MB, Fritz8.ctg, FTRG-VKDLHXLWF8} 1. e4 g6 2. d4 Bg7 3. Nc3 d6 4. Bc4 c6 
5.
Qf3 e6 6. d5 cxd5 7. exd5 e5 8. Nge2 f5 9. Qg3 Nf6 10. h3 O-O 11. Bg5 Nbd7 
12.
Nb5 Nc5 13. Qa3 a6 14. Nbc3 Rb8 15. Nc1 b5 16. Bb3 b4 0-1

[Event "Ulm 2006"]
[Site "Ulm"]
[Date "2006.09.22"]
[Round "1"]
[White "Schwab, Matthias"]
[Black "Fischer, Heidi"]
[Result "1-0"]
[ECO "D04"]
[WhiteElo "1931"]
[BlackElo "1452"]
[Annotator "Goda,Frederic"]
[PlyCount "59"]
[TimeControl "30/5400:0/0:0/0"]

{144MB, Fritz8.ctg, FTRG-VKDLHXLWF8} 1. d4 d5 2. Nf3 Nf6 3. e3 g6 4. Bd3 Bg7 
5.
O-O O-O 6. Nbd2 Nc6 7. c3 Ng4 8. e4 e5 9. h3 dxe4 10. Nxe4 Nh6 11. dxe5 Ne7 
12.
Bg5 Kh8 13. Qe2 Nhg8 14. Rad1 c6 15. Bc4 Qc7 16. Nd6 Be6 17. Nd4 Nd5 18. 
Bxd5
Bxd5 19. c4 Be6 20. f4 h6 21. Bh4 Qd7 22. Kh1 f6 23. exf6 Bxf6 24. Nxe6 Bxh4
25. Nf5 Qxd1 26. Rxd1 Rxf5 27. Qg4 Rf6 28. f5 g5 29. g3 h5 30. Qf3 1-0

[Event "Ulm 2006"]
[Site "Ulm"]
[Date "2006.09.22"]
[Round "1"]
[White "Wendel, Walter"]
[Black "Bachus, Sebastian"]
[Result "0-1"]
[ECO "D02"]
[WhiteElo "1430"]
[BlackElo "1917"]
[Annotator "Goda,Frederic"]
[PlyCount "54"]
[TimeControl "30/5400:0/0:0/0"]

{144MB, Fritz8.ctg, FTRG-VKDLHXLWF8} 1. Nf3 d5 2. d4 Nf6 3. g3 Bf5 4. Bg2 e6 
5.
O-O Bd6 6. c4 c6 7. Nbd2 Nbd7 8. Nh4 Bg4 9. cxd5 cxd5 10. f4 O-O 11. Nhf3 
Qb6
12. Kh1 Rac8 13. Nb3 a5 14. Ne5 a4 15. Nxg4 Nxg4 16. e3 f5 17. Bf3 axb3 18.
Bxg4 fxg4 19. Qxg4 Be7 20. axb3 Nf6 21. Qh3 Ne4 22. f5 Rf6 23. Qg2 Rxf5 24.
Rxf5 exf5 25. Qf3 g6 26. g4 fxg4 27. Qxg4 Nf2+ 0-1

[Event "Ulm 2006"]
[Site "Ulm"]
[Date "2006.09.22"]
[Round "1"]
[White "Sturm, Paul"]
[Black "Hartmann, Thomas"]
[Result "0-1"]
[ECO "B22"]
[WhiteElo "1413"]
[BlackElo "1850"]
[Annotator "Goda,Frederic"]
[PlyCount "68"]
[TimeControl "30/5400:0/0:0/0"]

{144MB, Fritz8.ctg, FTRG-VKDLHXLWF8} 1. e4 e6 2. d4 b6 3. Bd3 Bb7 4. Ne2 c5 
5.
c3 Qh4 6. Ng3 f5 7. Qf3 Nf6 8. d5 fxe4 9. Bxe4 Nxe4 10. Nxe4 Bxd5 11. Bf4 
Be7
12. g3 Qh3 13. Nbd2 O-O 14. Qe3 Nc6 15. c4 Bxe4 16. Qxe4 Nd4 17. O-O-O Qf5 
18.
Rhe1 g5 19. Be3 Bf6 20. g4 Qxe4 21. Nxe4 Nf3 22. Rh1 Rad8 23. h3 h6 24. 
Nxf6+
Rxf6 25. b3 d5 26. cxd5 exd5 27. Kc2 d4 28. h4 Nxh4 29. f4 gxf4 30. Bf2 Ng2 
31.
Rd3 Re8 32. Kd2 f3 33. Bh4 Nxh4 34. Rxh4 f2 0-1

[Event "Ulm 2006"]
[Site "Ulm"]
[Date "2006.09.22"]
[Round "1"]
[White "Stürmer, Axel"]
[Black "Schröttner, Erwin"]
[Result "1-0"]
[ECO "A46"]
[WhiteElo "1845"]
[BlackElo "1386"]
[Annotator "Goda,Frederic"]
[PlyCount "48"]
[TimeControl "30/5400:0/0:0/0"]

{144MB, Fritz8.ctg, FTRG-VKDLHXLWF8} 1. d4 e6 2. Nf3 Nf6 3. g3 d5 4. Nbd2 
Bb4
5. c3 Be7 6. Bg2 Nc6 7. O-O h6 8. Qc2 Nh7 9. b4 a6 10. a4 Bd7 11. Ba3 O-O 
12.
Rfb1 b5 13. e4 Bg5 14. exd5 exd5 15. Nxg5 Qxg5 16. Qa2 Be6 17. Bc1 Qh5 18. 
h4
Qd1+ 19. Nf1 Qh5 20. axb5 axb5 21. Qxa8 Rxa8 22. Rxa8+ Nf8 23. Bf4 f5 24. 
Re1
Qf7 1-0

[Event "Ulm 2006"]
[Site "Ulm"]
[Date "2006.09.22"]
[Round "1"]
[White "Andritzke, Karl-Heinz"]
[Black "Hoffart, Alexander"]
[Result "0-1"]
[ECO "A03"]
[WhiteElo "1362"]
[BlackElo "1838"]
[Annotator "Goda,Frederic"]
[PlyCount "70"]
[TimeControl "30/5400:0/0:0/0"]

{144MB, Fritz8.ctg, FTRG-VKDLHXLWF8} 1. f4 d5 2. Nf3 Nf6 3. e3 c5 4. b3 g6 
5.
Bb2 Bg7 6. Be2 Nc6 7. Bb5 Bd7 8. Bxc6 Bxc6 9. Ne5 Rc8 10. Nxc6 Rxc6 11. d3 
O-O
12. O-O Qc8 13. Nd2 Re8 14. Rf3 b5 15. a4 a6 16. c4 bxc4 17. dxc4 Rd8 18. 
Qe2
Qb8 19. cxd5 Nxd5 20. Bxg7 Kxg7 21. Nc4 f6 22. Rg3 e6 23. h4 Qxb3 24. Na5 
Qc3
25. Qe1 Rb6 26. h5 Qxe1+ 27. Rxe1 Nc3 28. e4 Rb1 29. Rxc3 Rxe1+ 30. Kf2 Rxe4
31. Rxc5 Rxf4+ 32. Ke3 Rxa4 33. Rc7+ Kh6 34. Nb7 Rdd4 35. hxg6 hxg6 0-1

[Event "Ulm 2006"]
[Site "Ulm"]
[Date "2006.09.22"]
[Round "1"]
[White "Sander, Luzia"]
[Black "Huppertz, Anton"]
[Result "1-0"]
[ECO "A46"]
[WhiteElo "1827"]
[BlackElo "1355"]
[Annotator "Goda,Frederic"]
[PlyCount "117"]
[TimeControl "30/5400:0/0:0/0"]

{144MB, Fritz8.ctg, FTRG-VKDLHXLWF8} 1. d4 e6 2. Nf3 Nf6 3. Bf4 c5 4. c3 
cxd4
5. Nxd4 a6 6. Nd2 d6 7. Bg5 Be7 8. e3 Nbd7 9. Bd3 Ne5 10. Bc2 Bd7 11. O-O 
Qb6
12. b4 Bb5 13. Nxb5 axb5 14. Qe2 Rc8 15. Bxf6 Bxf6 16. Ne4 Be7 17. a4 d5 18.
Ng3 Nc4 19. axb5 O-O 20. Qd3 f5 21. Ne2 Nb2 22. Qd2 Bf6 23. Bb3 Bxc3 24. 
Nxc3
Nc4 25. Qd3 Rfd8 26. Ra2 Qd6 27. Bxc4 Rxc4 28. Rb2 Rxb4 29. Rxb4 Qxb4 30. 
Rb1
Qa3 31. Qd4 Rc8 32. Nd1 Rc1 33. Rxc1 Qxc1 34. g3 Qb1 35. b6 Kf7 36. Kg2 Qe4+
37. Qxe4 fxe4 38. Nc3 Ke7 39. f3 exf3+ 40. Kxf3 Kd6 41. Na4 e5 42. Ke2 Kc6 
43.
Kd3 Kb5 44. Nc3+ Kc5 45. Na4+ Kb4 46. Nc3 Kc5 47. h4 g6 48. g4 h5 49. gxh5 
gxh5
50. Kc2 d4 51. Ne4+ Kxb6 52. exd4 exd4 53. Nf6 Kc7 54. Nxh5 Kd8 55. Kd3 Ke7 
56.
Kxd4 Kf7 57. Kd5 Kg6 58. Ng3 Kf6 59. Kd6 1-0

[Event "Ulm 2006"]
[Site "Ulm"]
[Date "2006.09.22"]
[Round "1"]
[White "Förderreuther, Jonas"]
[Black "Heinrich, Klaus"]
[Result "0-1"]
[ECO "B01"]
[WhiteElo "1297"]
[BlackElo "1824"]
[Annotator "Goda,Frederic"]
[PlyCount "40"]
[TimeControl "30/5400:0/0:0/0"]

{144MB, Fritz8.ctg, FTRG-VKDLHXLWF8} 1. e4 d5 2. exd5 Nf6 3. d4 Qxd5 4. Nc3 
Qa5
5. Nf3 c6 6. Bc4 Bf5 7. Bd2 e6 8. Qe2 Bb4 9. a3 Nbd7 10. O-O-O Bxc3 11. Bxc3
Qc7 12. Kb1 Nb6 13. Bb3 Nbd5 14. Bd2 Qb6 15. Be3 Qxb3 16. Kc1 Qa2 17. Kd2 
Qxb2
18. Rc1 Qc3+ 19. Kd1 Qxa3 20. Qd2 Ne4 0-1

[Event "Ulm 2006"]
[Site "Ulm"]
[Date "2006.09.22"]
[Round "1"]
[White "Dymerets, Yosyp"]
[Black "Stiller, Norbert"]
[Result "1-0"]
[ECO "B06"]
[WhiteElo "1819"]
[BlackElo "1280"]
[Annotator "Goda,Frederic"]
[PlyCount "35"]
[TimeControl "30/5400:0/0:0/0"]

{144MB, Fritz8.ctg, FTRG-VKDLHXLWF8} 1. e4 g6 2. d4 Bg7 3. Nc3 d6 4. Be3 c6 
5.
Qd2 e5 6. O-O-O Be6 7. Nf3 f6 8. dxe5 fxe5 9. Qxd6 Qxd6 10. Rxd6 Bf7 11. Be2
Nf6 12. Nxe5 Nxe4 13. Nxf7 Nxc3 14. bxc3 Kxf7 15. Bc4+ Ke8 16. Re6+ Kd8 17.
Rd1+ Kc8 18. Re7 1-0

[Event "Ulm 2006"]
[Site "Ulm"]
[Date "2006.09.22"]
[Round "1"]
[White "Pletz, Bernd"]
[Black "Nuber, Reinhard"]
[Result "0-1"]
[ECO "A48"]
[WhiteElo "1261"]
[BlackElo "1790"]
[Annotator "Goda,Frederic"]
[PlyCount "86"]
[TimeControl "30/5400:0/0:0/0"]

{144MB, Fritz8.ctg, FTRG-VKDLHXLWF8} 1. d4 Nf6 2. Nf3 g6 3. e3 Bg7 4. c3 O-O 
5.
Bd3 d5 6. O-O Nbd7 7. Nbd2 Re8 8. Re1 e5 9. dxe5 Ng4 10. h3 Ngxe5 11. Nxe5 
Nxe5
12. Nf3 Nxd3 13. Qxd3 c6 14. e4 Be6 15. exd5 Qxd5 16. Qxd5 Bxd5 17. Re3 Bxf3
18. gxf3 Red8 19. Re1 Rd5 20. Bf4 Bf6 21. Kg2 Kg7 22. Re2 Rad8 23. Rae1 Rd1 
24.
Rxd1 Rxd1 25. Rd2 Rxd2 26. Bxd2 Bh4 27. Be3 a6 28. c4 Kf6 29. f4 Ke6 30. Bc5 
b5
31. b3 bxc4 32. bxc4 Be7 33. Bxe7 Kxe7 34. Kf3 Kd6 35. Ke4 Kc5 36. Kd3 Kb4 
37.
Kd4 a5 38. f3 a4 39. h4 f5 40. Ke5 Kxc4 41. Kf6 Kd5 42. Kg7 Ke6 43. Kxh7 Kf6
0-1